 Dungeon Crawl Stone Soup version 0.28-a0-969-g2dcde036d2 (webtiles) character file.

Game seed: 6742440532761513395

1358 HessuHobo the Skirmisher (level 8, -2/97 HPs)
             Began as a Human Berserker on Dec 1, 2021.
             Was a Follower of Okawaru.
             Slain by a black bear (3 damage)
             ... created by the rage of Trog
             ... on level 8 of the Dungeon.
             The game lasted 00:15:38 (8829 turns).

HessuHobo the Skirmisher (Human Berserker)          Turns: 8829, Time: 00:15:38

Health: -2/97      AC: 24    Str: 20    XL:     8   Next: 95%
Magic:  8/8        EV:  2    Int:  8    God:    Okawaru [*.....]
Gold:   207        SH: 11    Dex: 12    Spells: 7/7 levels left

rFire   . . .      SeeInvis .   a - +0 falchion
rCold   . . .      Faith    .   B - +0 tower shield
rNeg    . . .      Spirit   .   (armour currently unavailable)
rPois   +          Reflect  .   (helmet currently unavailable)
rElec   .          Harm     .   (cloak currently unavailable)
rCorr   .          Rampage  .   (gloves currently unavailable)
Will    .....      NoTele   +   (boots currently unavailable)
Stlth   +.........              (no amulet)
HPRegen 0.26/turn               (no ring)
MPRegen 0.11/turn               (no ring)

@: tree-form, invisible
A: stationary, stasis, torment immunity, boosted hp
a: Renounce Religion, Heroism


You were on level 8 of the Dungeon.
You worshipped Okawaru.
Okawaru was aware of your devotion.
You were a tree.
You visited 2 branches of the dungeon, and saw 9 of its levels.

You collected 231 gold pieces.
You spent 24 gold pieces at shops.

Inventory:

Hand Weapons
 a - a +0 falchion (weapon)
 j - a +1 dagger of venom
 o - a +0 vorpal spear
Missiles
 d - a throwing net (quivered)
Armour
 b - a +0 animal skin
 f - a +0 ring mail
 h - a +0 scale mail (melded)
 k - a +0 cloak of stealth (melded)
 r - a +0 pair of boots (melded)
 w - a +0 helmet (melded)
 B - a +0 tower shield (worn)
Magical Staves
 y - a staff of death
Jewellery
 i - a ring of positive energy
 l - a ring of fire
Wands
 E - a wand of digging (2)
Scrolls
 c - a scroll of vulnerability {unknown}
 m - a scroll of enchant armour {unknown}
 p - 2 scrolls of teleportation
 q - a scroll of noise {unknown}
 t - 2 scrolls of immolation {unknown}
 x - a scroll of fear {unknown}
 A - a scroll of blinking {unknown}
Potions
 e - a potion of magic
 g - a potion of invisibility
 u - a potion of attraction
 v - a potion of haste
 C - a potion of degeneration {unknown}
 D - a potion of might {unknown}


   Skills:
 + Level 6.4 Fighting
 + Level 6.4 Long Blades
 + Level 5.9 Armour
 - Level 2.0 Dodging
 + Level 2.5 Shields


You had 7 spell levels left.
You didn't know any spells.
Your spell library was empty.

Dungeon Overview and Level Annotations

Branches:
Dungeon (8/15)             Temple (1/1) D:6
   Lair: D:8-11

Altars:
Cheibriados
Dithmenos
Elyvilon
Fedhas
Gozag
Hepliaklqana
Kikubaaqudgha
Makhleb
Okawaru
Qazlal
Ru
Sif Muna
Trog
Uskayaw
Vehumet
Wu Jian
Xom
Yredelemnul
Zin
The Shining One

Shops:
D:4 *[:=   D:5 (   D:7 [


Message History

The black bear claws you.
* * * LOW HITPOINT WARNING * * *
The black bear claws you but does no damage.
You hear a shout!
The polar bear rages. x2
The black bear rages.
The black bear rages.
There is a stone staircase leading down here.
The black bear bites you!
* * * LOW HITPOINT WARNING * * *
The black bear claws you but does no damage.
You block the black bear's attack.
The polar bear bites you but does no damage.
The polar bear claws you.
* * * LOW HITPOINT WARNING * * *
You block the polar bear's attack.
The black bear bites you but does no damage.
The black bear claws you but does no damage. x2
You climb downwards.
Found 7 gold pieces and a scroll labelled USCHORGH OS KEV.
There is a stone staircase leading up here.
As you read the scroll of teleportation, it crumbles to dust.
You feel strangely unstable. The polar bear bites you.
* * * LOW HITPOINT WARNING * * *
The polar bear claws you but does no damage.
You block the polar bear's attack. The polar bear bites you.
* * * LOW HITPOINT WARNING * * *
The polar bear claws you but does no damage.
The polar bear claws you.
* * * LOW HITPOINT WARNING * * *
Really quaff the potion of lignification?
You turn into a tree.
Your +0 cloak of stealth melds into your body.
Your +0 helmet melds into your body.
Your +0 pair of boots melds into your body.
Your +0 scale mail melds into your body.
You feel less stealthy.
Your roots penetrate the ground.
You feel strangely stable. The black bear barely misses you.
The black bear claws you.
You die...

##... . .... ..
... ... ##Y.#
.... ##...#
.....#....####.
......h........
#.$.♣.......
#..h........
#........#.?...
....#..... ....
... #....#. ...
.. #...###. ..
. #.... .. .
#.... ..


You could see a polar bear (berserk), a black bear (wandering, berserk) and an
ice beast (wandering).

Vanquished Creatures
  A water moccasin (D:6)
  A sky beast (D:4)
  A necrophage (D:6)
  An ogre (D:4)
  A centaur (D:6)
  A phantom (D:4)
  A scorpion (D:3)
  A wyvern skeleton (D:6)
  2 howler monkeys (D:6)
  A bullfrog zombie (D:5)
  3 hounds
  A centaur skeleton (D:6)
  A gnoll shaman (D:3)
  3 orc priests
  An iguana (D:5)
  3 orc wizards
  5 gnolls
  A howler monkey skeleton (D:3)
  9 adders
  2 shadow imps (D:5)
  An ufetubus (D:5)
  2 worms
  3 dart slugs (D:2)
  19 orcs
  5 bats
  9 endoplasms
  2 giant cockroaches
  8 goblins
  6 hobgoblins
  11 jackals
  9 kobolds
  3 quokkas
  4 ball pythons
  3 frilled lizards
  2 rats (D:1)
127 creatures vanquished.

Vanquished Creatures (others)
  A human (D:3)
  2 plants (D:6)
3 creatures vanquished.

Grand Total: 130 creatures vanquished

Notes
Turn   | Place    | Note
-------+----------+-------------------------------------------
     0 | D:1      | HessuHobo the Human Berserker began the quest for the Orb.
     0 | D:1      | Reached XP level 1. HP: 18/18 MP: 1/1
   130 | D:1      | Reached XP level 2. HP: 10/24 MP: 2/2
   993 | D:1      | Reached XP level 3. HP: 21/29 MP: 3/3
  1524 | D:2      | Found a blossoming altar of Fedhas.
  1611 | D:2      | Reached XP level 4. HP: 35/35 MP: 4/4
  2059 | D:2      | Reached XP level 5. HP: 42/42 MP: 5/5
  2804 | D:2      | Reached ** piety under Trog
  3551 | D:3      | Found a sacrificial altar of Ru.
  3588 | D:3      | Reached XP level 6. HP: 42/48 MP: 6/6
  4393 | D:3      | Found a white marble altar of Elyvilon.
  4480 | D:3      | Found an ornate altar of the Wu Jian Council.
  4481 | D:3      | Found a hazy altar of Hepliaklqana.
  4482 | D:3      | Found a radiant altar of Vehumet.
  4521 | D:3      | Found a faded altar of an unknown god.
  4617 | D:3      | Reached XP level 7. HP: 24/55 MP: 7/7
  4931 | D:3      | Found an ancient bone altar of Kikubaaqudgha.
  4932 | D:3      | Noticed a human
  4936 | D:3      | Killed a human
  5141 | D:4      | Reached skill level 5 in Fighting
  5141 | D:4      | Reached skill level 5 in Long Blades
  5255 | D:4      | Found Quvvuut's Armour Boutique.
  5256 | D:4      | Found Afomomn's Jewellery Boutique.
  5256 | D:4      | Found Puevuig's General Store.
  5259 | D:4      | Found Wukuluab's Book Boutique.
  5272 | D:4      | Bought a scroll of identify for 24 gold pieces
  6193 | D:5      | Entered Level 5 of the Dungeon
  6559 | D:4      | Reached skill level 5 in Armour
  6609 | D:5      | Reached XP level 8. HP: 54/64 MP: 8/8
  6924 | D:5      | Found Muizoy's Antique Weapon Boutique.
  7350 | D:6      | Found a staircase to the Ecumenical Temple.
  7355 | Temple   | Entered the Ecumenical Temple
  7426 | Temple   | Fell from the grace of Trog
  7426 | Temple   | Became a worshipper of Warmaster Okawaru
  7734 | D:5      | Reached skill level 1 in Shields
  7977 | D:6      | Paralysed by Trog for 2 turns
  8334 | D:6      | Found a stormy altar of Qazlal.
  8400 | D:6      | Paralysed by Trog for 3 turns
  8453 | D:6      | Noticed a polar bear
  8453 | D:6      | Noticed a polar bear
  8453 | D:6      | Noticed a polar bear
  8787 | D:7      | Found Jaefieh's Antique Armour Shoppe.
  8804 | D:6      | Reached * piety under Okawaru
  8817 | D:6      | Noticed a polar bear
  8817 | D:6      | Noticed a polar bear
  8828 | D:8      | HP: 3/65 [polar bear[the rage of Trog] (4)]
  8828 | D:8      | HP: 1/65 [polar bear[the rage of Trog] (1)]
  8829 | D:8      | Slain by a black bear

Illustrated notes

Levels and vault maps discovered:
D:1:      dpeg_arrival_castle, layout_loops_cross
D:2:      layout_loops_ring, basic_altar, minmay_hexomino_f4
D:3:      layout_rooms, gammafunk_temple_overflow_claw, tgw_kikubaaqudgha,
          nicolae_overflow_squiral,
          hellmonk_ecumenical_altar_pennies_from_heaven,
          corexii_leaking_fountain
D:4:      layout_basic, minmay_shop_grid_forest, interstate_on_off
D:5:      layout_rooms, serial_shops, nicolae_shop_window_shopping
D:6:      lemuel_castle_with_subvaults [lemuel_castle_interior_original],
          layout_loops_ring, mainiacjoe_overflow_six_doors_small, temple_doors_e
D:7:      layout_rooms, nemelex_diamond_rough_becter, serial_shops,
          nicolae_stop_n_shop_1
D:8:      cheibrodos_fzero, layout_cave_pools, david_lair_generic
Temple:   nicolae_temple_god_jail

Skill      XL: |  1  2  3  4  5  6  7  8 |
---------------+-------------------------+-----
Armour         | 3 4 5 |  5.9
Long Blades    | 4 5 6 |  6.4
Fighting       | 4 5 6 |  6.4
Shields        | 2 |  2.5
Dodging        | |  2.0

Action                   |  1- 3 |  4- 6 |  7- 9 || total
-------------------------+-------+-------+-------++-------
Melee: Falchion          |    91 |    39 |   136 ||   266
       Dagger            |       |   163 |   157 ||   320
Invok: Berserk           |     2 |     2 |     1 ||     5
       Trog's Hand       |       |     1 |       ||     1
  Use: Scroll            |       |       |     8 ||     8
       Potion            |       |       |     5 ||     5
Armor: Animal skin       |    25 |       |       ||    25
       Ring mail         |     4 |     8 |       ||    12
       Scale mail        |       |    82 |   168 ||   250
Dodge: Dodged            |    58 |   107 |   100 ||   265
Block: Tower shield      |       |       |   113 ||   113

Table legend: (Time is in decaauts)
 A = Elapsed time spent in this place.
 B = Non-inter-level travel time spent in this place.
 C = Inter-level travel time spent in this place.
 D = Time resting spent in this place.
 E = Time spent auto-exploring this place.
 F = Levels seen in this place.
 G = Mean time per level.
                   A        B        C        D        E       F      G
               +--------+--------+--------+--------+--------+-----+--------+
         Total |   8918 |   8745 |    173 |   4533 |   2558 |   9 |  990.9 |
       Dungeon |   8837 |   8664 |    173 |   4533 |   2534 |   8 | 1104.6 |
        Temple |     80 |     80 |      0 |      0 |     24 |   1 |   80.0 |
               +--------+--------+--------+--------+--------+-----+--------+

Top non-repeatable levels by time:
     D:2: 1862 daAuts
     D:3: 1756 daAuts
     D:1: 1577 daAuts
     D:4: 1380 daAuts
     D:5: 1287 daAuts
     D:6: 954 daAuts
  Temple: 80 daAuts
     D:7: 16 daAuts
     D:8: 1 daAuts
